 Dungeon Crawl Stone Soup version 0.28.0-43-g3370ac3207 (webtiles) character file.

Game seed: 180486325946515721

12033 Faeu the Protected (level 11, 0/156 HPs)
             Began as a Minotaur Fighter on Mar 21, 2022.
             Was a Believer of Trog.
             Succumbed to a naga's splash of poison
             ... on level 1 of the Snake Pit on Mar 22, 2022.
             The game lasted 01:55:41 (11746 turns).

Faeu the Protected (Minotaur Fighter)              Turns: 11746, Time: 01:55:41

Health: 0/156      AC: 22    Str: 26    XL:     11   Next: 57%
Magic:  0/10       EV:  6    Int:  5    God:    Trog [**....]
Gold:   561        SH: 11    Dex:  9    Spells: 10/10 levels left

rFire   + . .      SeeInvis .   W - +8 whip "Snakebite" {venom, curare, rPois, =fmace}
rCold   x . .      Faith    .   y - +0 kite shield
rNeg    . . .      Spirit   .   m - +2 scale mail {rPois}
rPois   +          Reflect  .   (helmet restricted)
rElec   .          Harm     .   z - +1 cloak
rCorr   .          Rampage  .   P - +2 pair of gloves
Will    .....                   J - +0 pair of boots
Stlth   ..........              (no amulet)
HPRegen 0.36/turn               B - ring of fire
MPRegen 0.12/turn               O - +4 ring of protection

@: berserking (expiring), lethally poisoned (0 -> -1), constricted, very quick
A: horns 2, retaliatory headbutt
a: Renounce Religion, Berserk, Trog's Hand


You were on level 1 of the Snake Pit.
You worshipped Trog.
Trog was pleased with you.
You visited 4 branches of the dungeon, and saw 12 of its levels.
You also visited: Ossuary and Volcano.

You collected 585 gold pieces.
You donated 24 gold pieces to Zin.


Innate Abilities, Weirdness & Mutations

You have a pair of horns on your head.
You reflexively headbutt those who attack you in melee.


   Skills:
 + Level 11.7 Fighting
 + Level 11.4 Long Blades
 + Level 11.7 Armour
 + Level 11.7 Shields


You had 10 spell levels left.
You didn't know any spells.
Your spell library contained the following spells:

 Spells                   Type           Power      Damage    Failure   Level
 Blink                    Tloc           0%         N/A       97%         2
 Sublimation of Blood     Necr           0%         N/A       97%         2
 Call Canine Familiar     Summ           0%         N/A       99%         3
 Lesser Beckoning         Tloc           0%         N/A       99%         3
 Portal Projectile        Hex/Tloc       0%         N/A       99%         3
 Animate Armour           Summ/Erth      0%         N/A       100%        4
 Leda's Liquefaction      Hex/Erth       0%         N/A       100%        4
 Petrify                  Tmut/Erth      0%         N/A       100%        4
 Blade Hands              Tmut           0%         N/A       100%        5
 Irradiate                Conj/Tmut      0%         3d14      100%        5
 Manifold Assault         Tloc           0%         N/A       100%        5
 Iron Shot                Conj/Erth      0%         9d1       100%        6

Inventory:

Hand Weapons
 a - a +0 long sword {long}
 i - a +1 whip of freezing {mace}
   (You took it off a kobold on level 2 of the Dungeon)
 q - a +1 short sword of draining {forbiddenshort}
   (You found it on level 4 of the Dungeon)
 A - the +9 dagger of Fragile Peace {drain, rC+ SInv Stlth+, forbiddenshort}
   (You found it on level 6 of the Dungeon)

   A truly terrible weapon, it drains the life of any living foe it strikes.
   rC:        It protects you from cold.
   SInv:      It lets you see invisible.
   Stlth:     It makes you more stealthy.
 T - a +0 triple sword of flaming {longrare=g}
   (You took it off a salamander in a volcano)
 W - the +8 whip "Snakebite" (weapon) {venom, curare, rPois, =fmace}
   (You found it on level 2 of the Lair of Beasts)

   It poisons the flesh of those it strikes.
   It occasionally inflicts asphyxiating poison on those it strikes, dealing
   poison damage and causing slowness.
   rPois:     It protects you from poison.
Missiles
 k - 72 bolts
 G - a curare-tipped dart (quivered) {=fthrowing}
 K - 10 poisoned darts {throwing}
Armour
 m - a +2 scale mail of poison resistance (worn)
   (You found it on level 7 of the Dungeon)
 y - a +0 kite shield (worn)
   (You found it on level 5 of the Dungeon)
 z - a +1 cloak (worn)
   (You took it off Crazy Yiuf on level 5 of the Dungeon)
 E - a +1 chain mail of cold resistance
   (You took it off an orc on level 7 of the Dungeon)
 J - a +0 pair of boots (worn)
   (You found it on level 7 of the Dungeon)
 P - a +2 pair of gloves (worn)
   (You found it on level 1 of the Lair of Beasts)
 R - a +2 plate armour of fire resistance
   (You found it in a volcano)
Jewellery
 B - a ring of fire (left hand)
   (You found it on level 6 of the Dungeon)
 O - a +4 ring of protection (right hand)
   (You found it on level 1 of the Lair of Beasts)
 U - a ring of protection from cold
   (You found it on level 2 of the Lair of Beasts)
Wands
 o - a wand of flame (51)
   (You found it on level 4 of the Dungeon)
 F - a wand of acid (3)
   (You found it on level 6 of the Dungeon)
 H - a wand of iceblast (9)
   (You found it on level 7 of the Dungeon)
 I - a wand of charming (2)
   (You took it off Pikel on level 7 of the Dungeon)
 Q - a wand of paralysis (4)
   (You found it on level 1 of the Lair of Beasts)
Scrolls
 c - 2 scrolls of blinking {unknown}
 d - 4 scrolls of fear {unknown}
 e - 5 scrolls of enchant weapon {unknown}
 f - 11 scrolls of identify {unknown}
 j - a scroll of immolation {unknown}
 n - 2 scrolls of enchant armour {unknown}
 p - 8 scrolls of teleportation {unknown}
 s - 2 scrolls of brand weapon {unknown}
 w - a scroll of holy word {unknown}
 x - 2 scrolls of fog {unknown}
 D - 2 scrolls of summoning {unknown}
 M - a scroll of magic mapping {unknown}
 V - a scroll of vulnerability {unknown}
Potions
 b - 3 potions of degeneration {unknown}
 g - 2 potions of invisibility {unknown}
 h - 2 potions of ambrosia {unknown}
 l - 2 potions of heal wounds {unknown}
 r - 2 potions of might
 t - 2 potions of brilliance {unknown}
 u - 2 potions of curing {unknown}
 v - 2 potions of berserk rage {unknown}
 C - 4 potions of haste {unknown}
 L - 3 potions of attraction {unknown}
 N - 2 potions of lignification {unknown}
 S - a potion of cancellation {unknown}

Dungeon Overview and Level Annotations

Branches:
Dungeon (8/15)             Temple (1/1) D:6            Lair (2/6) D:8
  Snake (1/4) Lair:2      Ossuary (visited)         Volcano (visited)
  Swamp: Lair:2-4    Shoals: Lair:2-4

Altars:
Ashenzari
Dithmenos
Elyvilon
Fedhas
Gozag
Hepliaklqana
Kikubaaqudgha
Makhleb
Nemelex Xobeh
Okawaru
Qazlal
Ru
Sif Muna
Trog
Uskayaw
Vehumet
Wu Jian
Xom
Yredelemnul
Zin
The Shining One

Shops:
D:1

[ #...##......>
....... ....
###.N.........
##.......#.....
#.............#
#..............
#/.....N.......
#.....S@N......
#......SS......
.##....".....#.
#........##..
#.......... .
.............
...............
.........##....


You could see 2 anacondas, a mana viper and 3 nagas.


Message History

😮 HP[-17]
You take 17 damage, and now have 54/103 hp.
A red film seems to cover your vision as you go berserk!
You feel yourself moving faster!
You feel mighty! The mana viper barely misses you. The anaconda bites you.
The anaconda bites you!
* * * LOW HITPOINT WARNING * * *
The anaconda constricts you.
The mana viper bites you but does no damage.
The anaconda closely misses you. The anaconda constricts you. 😨 HP[+15]
You now have 154 max hp (+51).
You regained 15 hp, and now have 69/154 hp.
You escape the anaconda's grasp.
You feel a strong urge to attack something.
The anaconda grabs you.
You stop ascending the stairs.
You block the anaconda's attack. The anaconda constricts you.
The mana viper barely misses you. You furiously retaliate!
You headbutt the mana viper!! The naga spits poison at you.
The splash of poison hits you but does no damage.
You are poisoned.
You resist. 😨 HP[+1]
You whack the mana viper! Your headbutt misses the mana viper.
You feel sick.
The anaconda bites you but does no damage.
The anaconda bites you.
* * * LOW HITPOINT WARNING * * *
The anaconda constricts you. The mana viper bites you.
* * * LOW HITPOINT WARNING * * *
You feel your power leaking away.
The mana viper bites you but does no damage.
The anaconda bites you but does no damage. 😨 HP[-3] MP[-4]
You take 3 damage, and now have 67/154 hp.
You lost 4 mp, and now have 5/10 mp.
You whack the mana viper!
You kill the mana viper!
Trog accepts your kill.
You feel sick.
The anaconda bites you but does no damage.
The anaconda constricts you.
* * * LOW HITPOINT WARNING * * *
The anaconda bites you but does no damage.
The mana viper bites you!
* * * LOW HITPOINT WARNING * * *
You feel your power leaking away. The anaconda bites you.
* * * LOW HITPOINT WARNING * * *
The anaconda constricts you. 😨 HP[-20] MP[-5]
You now have 156 max hp (+2).
You take 20 damage, and now have 47/156 hp.
You lost 5 mp, and now have 0/10 mp.
You barely miss the mana viper.
You feel sick. You block the anaconda's attack.
A naga comes into view. It is wielding a +0 glaive.
The anaconda bites you.
* * * LOW HITPOINT WARNING * * *
The anaconda constricts you. The mana viper bites you.
* * * LOW HITPOINT WARNING * * *
The anaconda bites you.
* * * LOW HITPOINT WARNING * * *
The naga hits you with a +0 flail!
* * * LOW HITPOINT WARNING * * *
😱 HP[-22]
You take 22 damage, and now have 25/156 hp.
The naga shouts!
You thrash the anaconda!!
The anaconda is poisoned.
Your headbutt misses the anaconda.
You feel sick. You block the anaconda's attack. The anaconda constricts you.
* * * LOW HITPOINT WARNING * * *
You block the mana viper's attack.
The anaconda barely misses you. 😱 HP[-3]
You take 3 damage, and now have 22/156 hp.
You whack the mana viper!
You feel sick. You block the anaconda's attack. The anaconda constricts you.
* * * LOW HITPOINT WARNING * * *
The anaconda barely misses you. The mana viper bites you!
* * * LOW HITPOINT WARNING * * *
The naga hits you but does no damage. You block the anaconda's attack.
The anaconda constricts you. 😱 HP[-8]
You take 8 damage, and now have 14/156 hp.
You miss the mana viper. The anaconda bites you!
* * * LOW HITPOINT WARNING * * *
The mana viper bites you.
* * * LOW HITPOINT WARNING * * *
The anaconda bites you.
* * * LOW HITPOINT WARNING * * *
The anaconda constricts you. The naga barely misses you.
You furiously retaliate!
You headbutt the naga.
The anaconda bites you but does no damage.
The naga hits you but does no damage. 😱 HP[-13]
You take 13 damage, and now have 1/156 hp.
You are too berserk!
You are too berserk!
You hit the mana viper.
You die...

Skill      XL: |  1  2  3  4  5  6  7  8  9 10 11 |
---------------+----------------------------------+-----
Fighting       | 4 5 6 7 9 10 11 | 11.7
Armour         | 4 5 6 7 9 10 11 | 11.7
Shields        | 4 5 6 7 9 10 11 | 11.7
Long Blades    | 3 4 5 6 7 9 10 11 | 11.4

Action                   |  1- 3 |  4- 6 |  7- 9 | 10-12 || total
-------------------------+-------+-------+-------+-------++-------
Melee: Long sword        |    83 |    84 |   156 |       ||   323
       Headbutt          |    11 |     9 |    57 |    31 ||   108
       Dagger            |       |       |   176 |   253 ||   429
       Whip              |       |       |       |     7 ||     7
Throw: Dart              |       |       |     1 |       ||     1
Invok: Renounce Religion |       |       |     3 |       ||     3
       Berserk           |       |       |       |     3 ||     3
Evoke: Wand              |       |       |     2 |     1 ||     3
  Use: Potion            |       |     1 |       |       ||     1
Armor: Scale mail        |    45 |     5 |       |   107 ||   157
       Chain mail        |       |    28 |   142 |       ||   170
       Plate armour      |       |       |       |    61 ||    61
Dodge: Dodged            |    33 |    28 |    91 |    65 ||   217
Block: Buckler           |    17 |    15 |    21 |       ||    53
       Kite shield       |       |       |    73 |   139 ||   212

Levels and vault maps discovered:
D:1:      tarquinn_simple_flora_water_a, layout_loops_ring, serial_shops,
          shop_fountains, minmay_unequal
D:2:      minmay_evil_eye, layout_rooms
D:3:      layout_rooms, ebering_ecumenical_altar_petrified, grunt_ministairs_10,
          uniq_terence, uniq_grinder
D:4:      layout_loops_cross, st_stairs_7
D:5:      cheibrodos_quashed, layout_cave_pools,
          lightli_ossuary_entry_decrepit_ruins, uniq_crazy_yiuf_cottage
D:6:      minmay_octagon_keep, layout_basic, minmay_temple_entry_sparse_star,
          minmay_misc_feat_roman
D:7:      layout_layer_cave, chequers_serial_rivers_small_a, uniq_pikel,
          uniq_maggie
D:8:      layout_rooms, erik_lair_dragon, minivault_22
Temple:   nicolae_temple_the_god_donut
Lair:1:   layout_roguey, nicolae_volcano_entry_vermiform
Lair:2:   minmay_guarded_unrand_snakebite, layout_small_grid,
          guppyfry_snake_entry_island
Snake:1:  layout_cave_shapes, serial_bayou_shore_b, grunt_megastairs_5,
          lemuel_fruit_tree

Notes
Turn   | Place    | Note
-------+----------+-------------------------------------------
     0 | D:1      | Faeu the Minotaur Fighter began the quest for the Orb.
     0 | D:1      | Reached XP level 1. HP: 19/19 MP: 0/0
     0 | D:1      | magus.rc [v1.9.6]
   107 | D:1      | magus.rc [v1.9.6]
   203 | D:1      | magus.rc [v1.9.6]
   208 | D:1      | magus.rc [v1.9.6]
   216 | D:1      | magus.rc [v1.9.6]
   289 | D:1      | magus.rc [v1.9.6]
   307 | D:1      | magus.rc [v1.9.6]
   311 | D:1      | Reached XP level 2. HP: 26/27 MP: 1/1
   319 | D:1      | magus.rc [v1.9.6]
   378 | D:1      | Found Win Hiat's Antique Armour Emporium.
   472 | D:1      | Reached skill level 4 in Fighting
   481 | D:1      | Reached skill level 4 in Armour
   517 | D:1      | Reached skill level 4 in Shields
   596 | D:1      | Reached skill level 3 in Long Blades
   636 | D:1      | Reached XP level 3. HP: 32/33 MP: 2/2
  1040 | D:2      | Identified the +1 leather armour "Ekhlyj" {Str+4}
  1470 | D:2      | Reached XP level 4. HP: 33/41 MP: 3/3
  1829 | D:3      | Noticed Terence
  1957 | D:3      | Killed Terence
  2120 | D:3      | Found a faded altar of an unknown god.
  2132 | D:3      | Prayed at the altar of an unknown god.
  2132 | D:3      | Became a worshipper of Zin the Law-Giver
  2132 | D:3      | Reached * piety under Zin
  2168 | D:3      | Reached ** piety under Zin
  2178 | D:3      | Noticed a phantom
  2179 | D:3      | Noticed Grinder
  2193 | D:3      | Killed a phantom
  2194 | D:3      | Reached skill level 4 in Long Blades
  2194 | D:3      | Reached XP level 5. HP: 34/47 MP: 4/4
  2205 | D:3      | HP: 8/47 [Grinder (7)]
  2207 | D:3      | HP: 3/47 [Grinder (1)]
  2207 | D:3      | Zin protects you from harm!
  2209 | D:3      | Killed Grinder
  2210 | D:3      | Reached skill level 5 in Fighting
  2210 | D:3      | Reached skill level 5 in Armour
  2210 | D:3      | Reached skill level 5 in Shields
  2210 | D:3      | Reached XP level 6. HP: 4/56 MP: 5/5
  2714 | D:3      | You pick up a book of Iron and begin reading...
  2714 | D:3      | You add the spells Animate Armour, Blade Hands and Iron
                  | Shot to your library.
  2964 | D:4      | Noticed a wyvern
  2974 | D:4      | Killed a wyvern
  2975 | D:4      | Reached skill level 5 in Long Blades
  2975 | D:4      | Reached XP level 7. HP: 51/62 MP: 6/6
  3274 | D:4      | Reached skill level 6 in Armour
  3395 | D:4      | Reached skill level 6 in Shields
  3406 | D:4      | Reached skill level 6 in Fighting
  3661 | D:5      | Entered Level 5 of the Dungeon
  3670 | D:5      | magus.rc [v1.9.6]
  3672 | D:5      | magus.rc [v1.9.6]
  3680 | D:5      | magus.rc [v1.9.6]
  3683 | D:5      | magus.rc [v1.9.6]
  3688 | D:5      | magus.rc [v1.9.6]
  3689 | D:5      | magus.rc [v1.9.6]
  3690 | D:5      | magus.rc [v1.9.6]
  3691 | D:5      | magus.rc [v1.9.6]
  3846 | D:5      | magus.rc [v1.9.6]
  3848 | D:5      | magus.rc [v1.9.6]
  3851 | D:5      | magus.rc [v1.9.6]
  3866 | D:5      | magus.rc [v1.9.6]
  3867 | D:5      | magus.rc [v1.9.6]
  3868 | D:5      | magus.rc [v1.9.6]
  3871 | D:5      | magus.rc [v1.9.6]
  4026 | D:5      | magus.rc [v1.9.6]
  4033 | D:5      | magus.rc [v1.9.6]
  4036 | D:5      | magus.rc [v1.9.6]
  4039 | D:5      | magus.rc [v1.9.6]
  4042 | D:5      | magus.rc [v1.9.6]
  4073 | D:5      | magus.rc [v1.9.6]
  4197 | D:5      | Reached *** piety under Zin
  4315 | D:5      | Reached skill level 6 in Long Blades
  4315 | D:5      | Reached XP level 8. HP: 71/71 MP: 7/7
  4374 | D:5      | Found a sand-covered staircase.
  4380 | Ossuary  | Entered an ossuary
  4417 | Ossuary  | magus.rc [v1.9.6]
  5129 | D:5      | Reached skill level 7 in Fighting
  5223 | D:5      | Found a runed translucent door.
  5224 | D:5      | Noticed Crazy Yiuf
  5392 | D:5      | Killed Crazy Yiuf
  5393 | D:5      | Reached skill level 7 in Armour
  5393 | D:5      | Reached skill level 7 in Shields
  5400 | D:5      | magus.rc [v1.9.6]
  5446 | D:6      | magus.rc [v1.9.6]
  5462 | D:6      | Identified the +9 dagger of Fragile Peace {drain, rC+ SInv
                  | Stlth+}
  5619 | D:6      | Found a staircase to the Ecumenical Temple.
  5620 | D:6      | magus.rc [v1.9.6]
  5649 | Temple   | Entered the Ecumenical Temple
  5666 | Temple   | magus.rc [v1.9.6]
  5679 | Temple   | Fell from the grace of Zin
  5687 | Temple   | Became a worshipper of Trog the Wrathful
  5698 | Temple   | Fell from the grace of Trog
  5847 | Temple   | Became a worshipper of Elyvilon the Healer
  5848 | Temple   | Fell from the grace of Elyvilon
  5876 | Temple   | Became a worshipper of Trog the Wrathful
  6025 | D:6      | Reached skill level 7 in Long Blades
  6354 | D:6      | Reached XP level 9. HP: 77/81 MP: 8/8
  6425 | D:6      | Reached skill level 8 in Fighting
  6425 | D:6      | Reached skill level 8 in Armour
  6425 | D:6      | Reached skill level 8 in Shields
  7085 | D:6      | magus.rc [v1.9.6]
  7107 | D:6      | Reached skill level 8 in Long Blades
  7142 | D:6      | Reached * piety under Trog
  7159 | D:6      | magus.rc [v1.9.6]
  7287 | D:6      | magus.rc [v1.9.6]
  7552 | D:7      | Identified a +1 robe of the Archmagi
  7552 | D:7      | Noticed Pikel
  7576 | D:7      | Killed Pikel
  7577 | D:7      | Reached skill level 9 in Fighting
  7577 | D:7      | Reached skill level 9 in Armour
  7577 | D:7      | Reached skill level 9 in Shields
  7919 | D:7      | Noticed Maggie
  7932 | D:7      | Killed Maggie
  7933 | D:7      | Reached skill level 9 in Long Blades
  7933 | D:7      | Reached XP level 10. HP: 89/91 MP: 9/9
  8464 | D:8      | You pick up a book of Alchemy {forbidden} and begin
                  | reading...
  8464 | D:8      | You add the spells Sublimation of Blood, Petrify and
                  | Irradiate to your library.
  8917 | D:8      | Reached skill level 10 in Armour
  8960 | D:8      | Reached skill level 10 in Fighting
  8960 | D:8      | Reached skill level 10 in Shields
  8975 | D:8      | You pick up a book of Spatial Translocations {forbidden}
                  | and begin reading...
  8975 | D:8      | You add the spells Blink, Lesser Beckoning and Manifold
                  | Assault to your library.
  8986 | D:8      | Found a staircase to the Lair.
  9037 | D:8      | You pick up a book of the Hunter {forbidden} and begin
                  | reading...
  9037 | D:8      | You add the spells Call Canine Familiar, Portal Projectile
                  | and Leda's Liquefaction to your library.
  9259 | Lair:1   | Entered Level 1 of the Lair of Beasts
  9346 | Lair:1   | Noticed a cane toad
  9352 | Lair:1   | Killed a cane toad
  9434 | Lair:1   | Reached skill level 10 in Long Blades
  9910 | Lair:1   | Found a dark tunnel.
  9911 | Lair:1   | Noticed a lindwurm
  9919 | Lair:1   | Killed a lindwurm
  9961 | Volcano  | Entered a volcano
  9989 | Volcano  | Noticed a two-headed ogre
  9989 | Volcano  | Noticed a salamander
  9994 | Volcano  | Reached ** piety under Trog
  9995 | Volcano  | Killed a two-headed ogre
 10005 | Volcano  | Killed a salamander
 10006 | Volcano  | Reached XP level 11. HP: 43/101 MP: 10/10
 10210 | Volcano  | Noticed a two-headed ogre
 10220 | Volcano  | Killed a two-headed ogre
 10221 | Volcano  | Reached skill level 11 in Fighting
 10221 | Volcano  | Reached skill level 11 in Armour
 10221 | Volcano  | Reached skill level 11 in Shields
 10246 | Volcano  | T - a +0 triple sword of flaming {longrare=g}
 10668 | Lair:2   | Reached skill level 11 in Long Blades
 10809 | Lair:2   | magus.rc [v1.9.6]
 10809 | Lair:2   | magus.rc [v1.9.6]
 11009 | Lair:2   | magus.rc [v1.9.6]
 11059 | Lair:2   | Found a staircase to the Snake Pit.
 11077 | Lair:2   | magus.rc [v1.9.6]
 11118 | Snake:1  | Entered Level 1 of the Snake Pit
 11118 | Snake:1  | Noticed an anaconda
 11118 | Snake:1  | Noticed an anaconda
 11118 | Snake:1  | Noticed a mana viper
 11567 | Lair:2   | Found the +8 whip "Snakebite" {venom, curare, rPois}
 11736 | Snake:1  | Noticed a mana viper
 11741 | Snake:1  | Killed a mana viper
 11742 | Snake:1  | HP: 36/156 [anaconda (5)]
 11744 | Snake:1  | HP: 14/156 [mana viper (7)]
 11745 | Snake:1  | HP: 5/156 [mana viper (2)]
 11745 | Snake:1  | HP: 1/156 [anaconda (4)]
 11746 | Snake:1  | Succumbed to a naga's splash of poison

Vanquished Creatures
  A two-headed ogre (Volcano)
  A lindwurm (Lair:1)
  Pikel (D:7)
  A mana viper (Snake:1)
  2 salamanders (Volcano)
  A black mamba (Lair:2)
  A naga mage (Lair:2)
  2 cane toads
  4 komodo dragons
  Maggie (D:7)
  A polar bear (Lair:2)
  A hornet (D:8)
  Grinder (D:3)
  A shadow (D:7)
  2 wyverns
  3 fire bats (Volcano)
  A wraith (Ossuary)
  4 basilisks
  A naga (Lair:2)
  14 water moccasins
  A swamp drake (D:8)
  2 ice beasts (D:6)
  A black bear (D:5)
  3 necrophages
  2 sky beasts
  An ogre (D:4)
  4 centaurs
  2 kobold brigands
  A phantom (D:3)
  2 lemures (D:7)
  4 bullfrogs
  A scorpion (D:5)
  A water moccasin zombie (D:6)
  2 water moccasin skeletons
  6 killer bees (D:8)
  5 wights (D:6)
  A howler monkey (D:6)
  A centaur zombie (D:7)
  3 jellies
  2 bullfrog zombies (D:6)
  2 hounds (D:6)
  Crazy Yiuf (D:5)
  A centaur skeleton (D:5)
  2 orc priests
  Terence (D:3)
  2 iguanas (D:6)
  4 orc wizards
  3 mummies (Ossuary)
  A howler monkey zombie (D:5)
  4 gnolls (D:5)
  7 adders
  A shadow imp (D:5)
  An adder skeleton (D:4)
  2 worms
  2 dart slugs (D:2)
  14 orcs
  9 ball pythons
  9 endoplasms
  8 giant cockroaches
  5 hobgoblins (D:1)
  11 kobolds
  7 quokkas
  7 bats
  2 frilled lizards
  2 gnoll zombies (Ossuary)
  7 goblins
  6 goblin zombies (Ossuary)
  4 hobgoblin zombies (Ossuary)
  A kobold zombie (Ossuary)
  9 rats
224 creatures vanquished.

Vanquished Creatures (others)
  A two-headed ogre (Volcano)
  2 fungi (Lair:1)
  6 plants
9 creatures vanquished.

Grand Total: 233 creatures vanquished

Table legend:
 A = Non-vault XP
 B = Vault XP
 C = Vault XP percentage of total XP
 D = Non-vault monster count
 E = Vault monster count
 F = Vault count percentage of total count
                 A         B        C        D         E       F
            +---------+---------+-------+---------+---------+-------
      Total |    9316 |    7874 |  45.8 |     160 |      63 |  28.3
            +---------+---------+-------+---------+---------+-------
        D:1 |      45 |       4 |   8.2 |      28 |       3 |   9.7
        D:2 |      59 |       4 |   6.3 |      18 |       2 |  10.0
        D:3 |     150 |     307 |  67.2 |      14 |       4 |  22.2
        D:4 |     184 |     219 |  54.3 |      11 |       2 |  15.4
        D:5 |     517 |      41 |   7.3 |      17 |       1 |   5.6
        D:6 |    1167 |     959 |  45.1 |      22 |      12 |  35.3
        D:7 |     781 |     976 |  55.5 |      11 |       2 |  15.4
        D:8 |    1170 |     895 |  43.3 |      19 |       4 |  17.4
     Lair:1 |    2132 |     676 |  24.1 |      10 |       1 |   9.1
     Lair:2 |    2568 |     770 |  23.1 |       9 |       6 |  40.0
    Snake:1 |     543 |       0 |   0.0 |       1 |       0 |   0.0
    Ossuary |       0 |     270 | 100.0 |       0 |      17 | 100.0
    Volcano |       0 |    2753 | 100.0 |       0 |       9 | 100.0
            +---------+---------+-------+---------+---------+-------

Illustrated notes

Table legend:
 A = Kills in this place as a percentage of kills in entire the game.
 B = Kills by you in this place as a percentage of kills by you in the entire game.
 C = Kills by friends in this place as a percentage of kills by friends in the entire game.
 D = Other kills in this place as a percentage of other kills in the entire game.
 E = Experience gained in this place as a percentage of experience gained in the entire game.
 F = Experience gained in this place divided by the number of levels of this place that you have seen.
                   A       B       C       D       E      F
               +-------+-------+-------+-------+-------+----------------------
         Total | 100.0 | 100.0 |   N/A | 100.0 | 100.0 | 1227.9
       Dungeon |  76.2 |  76.6 |   N/A |   0.0 |  43.5 | 934.8
          Lair |  11.7 |  11.7 |   N/A |   0.0 |  35.8 | 3073.0
     Snake Pit |   0.4 |   0.5 |   N/A |   0.0 |   3.2 | 543.0
       Ossuary |   7.6 |   7.7 |   N/A |   0.0 |   1.6 | 270.0
       Volcano |   4.0 |   3.6 |   N/A | 100.0 |  16.0 | 2753.0
               +-------+-------+-------+-------+-------+----------------------

Table legend: (Time is in decaauts)
 A = Elapsed time spent in this place.
 B = Non-inter-level travel time spent in this place.
 C = Inter-level travel time spent in this place.
 D = Time resting spent in this place.
 E = Time spent auto-exploring this place.
 F = Levels seen in this place.
 G = Mean time per level.
                   A        B        C        D        E       F      G
               +--------+--------+--------+--------+--------+-----+--------+
         Total |  11825 |  11443 |    382 |   1693 |   5902 |  14 |  844.6 |
       Dungeon |   8358 |   7988 |    370 |   1182 |   4269 |   8 | 1044.8 |
        Temple |    240 |    228 |     12 |      0 |      5 |   1 |  240.0 |
          Lair |   2124 |   2124 |      0 |    122 |   1364 |   2 | 1062.0 |
     Snake Pit |     10 |     10 |      0 |      0 |      0 |   1 |   10.0 |
       Ossuary |    745 |    745 |      0 |    292 |    252 |   1 |  745.0 |
       Volcano |    347 |    347 |      0 |     96 |     12 |   1 |  347.0 |
               +--------+--------+--------+--------+--------+-----+--------+

Top non-repeatable levels by time:
     D:6: 1682 daAuts
  Lair:2: 1184 daAuts
     D:8: 1090 daAuts
     D:5: 1062 daAuts
     D:2: 1029 daAuts
     D:3: 965 daAuts
     D:1: 946 daAuts
  Lair:1: 939 daAuts
     D:7: 813 daAuts
     D:4: 767 daAuts
 Ossuary: 745 daAuts
 Volcano: 347 daAuts
  Temple: 240 daAuts
 Snake:1: 10 daAuts
